 Dungeon Crawl Stone Soup version 0.21.1-1-g345015f (webtiles) character file.

8829 vatarom the Schismatic (level 11, -9/81 HPs)
             Began as a Demonspawn Abyssal Knight on May 8, 2018.
             Was an Elder of Lugonu.
             Mangled by a spiny frog (22 damage)
             ... on level 4 of the Lair of Beasts.
             The game lasted 00:24:50 (9729 turns).

vatarom the Schismatic (Demonspawn Abyssal Knight)  Turns: 9729, Time: 00:24:51

Health: -9/81      AC:  9    Str: 13    XL:     11   Next: 15%
Magic:  20/20      EV: 16    Int: 16    God:    Lugonu [****..]
Gold:   445        SH:  5    Dex: 15    Spells: 10/10 levels left

rFire    . . .     SeeInvis .     - Unarmed
rCold    + . .     Gourm    .   y - +0 buckler
rNeg     . . .     Faith    .   v - +1 leather armour {rC+}
rPois    +         Spirit   .   d - +2 helmet
rElec    .         Reflect  .   l - scarf {repulsion}
rCorr    .         Harm     .   (no gloves)
MR       .....                  K - +1 pair of boots
Stlth    +.........             p - amulet of regeneration
HPRegen  0.63/turn              q - +4 ring of slaying
MPRegen  0.17/turn              r - ring of poison resistance

@: repel missiles
A: claws 2, icy blue scales 1, clever 1, deformed body, demonic guardian 1,
powered by death 1, augmentation 1
a: Depart the Abyss, Bend Space, Banish, Corrupt, Renounce Religion


You were on level 4 of the Lair of Beasts.
You worshipped Lugonu.
Lugonu was greatly pleased with you.
You were hungry.

You visited 3 branches of the dungeon, and saw 13 of its levels.
You visited the Abyss 1 time.
You also visited: Ossuary.

You collected 445 gold pieces.

Inventory:

Hand Weapons
 o - a +1 blowgun
Missiles
 t - 57 poisoned needles
Armour
 d - a +2 helmet (worn)
 l - a scarf of repulsion (worn)
 v - a +1 leather armour of cold resistance (worn)
 y - a +0 buckler (worn)
 K - a +1 pair of boots (worn)
Jewellery
 p - an amulet of regeneration (around neck)
 q - a +4 ring of slaying (left claw)
 r - a ring of poison resistance (right claw)
 D - an uncursed ring of flight
Wands
 j - a wand of flame (49)
 u - a wand of acid (4)
 J - a wand of disintegration (15)
 M - a wand of scattershot (3)
Scrolls
 c - a scroll of enchant weapon
 e - 3 scrolls of random uselessness
 f - 2 scrolls of fog
 g - 3 scrolls of identify
 h - a scroll of enchant armour {unknown}
 i - 3 scrolls of teleportation
 k - 3 scrolls of remove curse
 m - a scroll of amnesia
 n - 5 scrolls of immolation
 w - a scroll of blinking {unknown}
 B - a scroll of fear {unknown}
Potions
 a - a potion of flight
 s - 2 potions of might
 E - a potion of invisibility
 F - 4 potions of curing
 G - a potion of berserk rage
 H - a potion of degeneration
Books
 A - a book of Enchantments

   Spells                             Type                      Level
   a - Cause Fear                     Hexes                        4
   b - Yara's Violent Unravelling     Hexes/Transmutation          5
   c - Silence                        Hexes/Air                    5
   d - Deflect Missiles               Charms/Air                   6
   e - Discord                        Hexes                        8
 N - a book of Clouds

   Spells                             Type                      Level
   a - Poisonous Vapours              Poison/Air                   2
   b - Mephitic Cloud                 Conjuration/Poison/Air       3
   c - Conjure Flame                  Conjuration/Fire             3
   d - Freezing Cloud                 Conjuration/Ice/Air          6
   e - Ring of Flames                 Charms/Fire                  7
Miscellaneous
 x - a phial of floods
 I - a fan of gales
Comestibles
 b - 11 rations
 C - 2 chunks of flesh


   Skills:
 - Level 6.2 Fighting
 - Level 1.7 Armour
 - Level 7.0 Dodging
 - Level 4.0 Shields
 + Level 9.3 Unarmed Combat
 + Level 12.6 Invocations


You had 10 spell levels left.
You didn't know any spells.

Dungeon Overview and Level Annotations

Branches:
Dungeon (9/15)             Temple (1/1) D:7            Lair (2/6) D:8
  Swamp: Lair:2-4    Shoals: Lair:2-4     Snake: Lair:2-4    Spider: Lair:2-4
    Orc: D:9-12

Altars:
Ashenzari
Cheibriados
Dithmenos
Elyvilon
Fedhas
Gozag
Hepliaklqana
Kikubaaqudgha
Makhleb
Nemelex Xobeh
Okawaru
Qazlal
Ru
Sif Muna
Trog
Uskayaw
Vehumet
Wu Jian
Xom
Yredelemnul
Zin
The Shining One

Shops:
D:5 *   D:6 *

Annotations:
D:3 1 runed door


Innate Abilities, Weirdness & Mutations

You have very sharp fingernails.
You are partially covered in icy blue scales. (AC +2)
A weak demonic guardian rushes to your aid.
You regenerate a little health from kills.
Your magical and physical power is slightly enhanced at high health.
Your mind is acute. (Int +2)
Armour fits poorly on your strangely shaped body.


Message History

Your white imp barely misses the spiny frog.
You closely miss the spiny frog.
The spiny frog is heavily wounded.
The blink frog misses you. The blink frog hits you.
The spiny frog closely misses you.
Your white imp barely misses the spiny frog.
You closely miss the spiny frog.
The spiny frog is heavily wounded.
The spiny frog is no longer moving slowly.
The blink frog hits you!
* * * LOW HITPOINT WARNING * * *
The blink frog closely misses you. The spiny frog stings you.
* * * LOW HITPOINT WARNING * * *
Your white imp barely misses the spiny frog.
The blink frog hits you.
* * * LOW HITPOINT WARNING * * *
You feel better. The blink frog barely misses you. The blink frog hits you!
* * * LOW HITPOINT WARNING * * *
The blink frog closely misses you. The spiny frog stings you!!
You die...

#...##.... ....
##.## #..? ... ###
##.### ..##.# ..##
#....# ##.8.## ...
##...# #.†...# ..#
####...# #8.>.8#
..# ..§....#
#....F##.##
..#...<#
##...#F5..#
.†##...##
#.#+##@F#.#
.#......###)...F###
.#.#.###.#.#...F.#
.+....†.#..#...#.#
.#...8.....#.8...+
...............#.#
##.##....#.......#
#.......##.....##
#.##...###.##+.##


You could see a spiny frog, 4 blink frogs and a friendly white imp.

Vanquished Creatures
  Pikel (D:5)
  Joseph (Lair:1)
  A troll (D:9)
  6 blink frogs (Lair:4)
  2 hippogriffs
  A shadow (D:9)
  12 yaks
  A wyvern (D:8)
  A basilisk (Lair:1)
  Eustachio (D:6)
  The ghost of Iko the Shield-Bearer, an amateur FoFi (D:5)
  A steam dragon (D:8)
  2 water moccasins (Lair:1)
  A porcupine (Lair:4)
  3 ogres
  3 centaurs
  A crocodile (Lair:1)
  2 big kobolds
  2 bullfrogs
  2 water moccasin zombies (Ossuary)
  A scorpion (D:8)
  A killer bee (D:9)
  2 howler monkeys
  A crimson imp (D:5)
  A centaur zombie (D:7)
  A jelly (D:7)
  3 hounds
  3 orc priests
  8 orc wizards
  A centaur skeleton (D:9)
  A bullfrog skeleton (D:7)
  4 iguanas
  Ijyb (D:3)
  4 worker ants
  Natasha (twice) (D:3)
  A killer bee zombie (D:8)
  A big kobold zombie (Ossuary)
  2 hound skeletons
  3 mummies
  A worker ant zombie (D:7)
  Robin (D:2)
  A howler monkey zombie (D:5)
  7 gnolls
  3 adders
  A shadow imp (D:9)
  2 oozes (D:1)
  An adder skeleton (D:6)
  An adder zombie (D:5)
  2 worms
  3 dart slugs
  4 leopard geckos
  27 orcs
  5 bats
  2 giant cockroaches
  8 goblins
  5 hobgoblins
  6 jackals
  2 quokkas
  4 frilled lizards
  A gnoll zombie (Ossuary)
  7 hobgoblin zombies (Ossuary)
  29 kobolds
  8 kobold zombies (Ossuary)
  A leopard gecko skeleton (D:7)
  A leopard gecko zombie (D:5)
  5 orc zombies (Ossuary)
  7 rats
231 creatures vanquished.

Vanquished Creatures (collateral kills)
  A yak (Lair:1)
  2 basilisks
  A sky beast (D:8)
  2 ogres
  A bullfrog (D:6)
  An orc priest (D:2)
  A bullfrog skeleton (D:5)
  Jessica (D:2)
  A big kobold zombie (Ossuary)
  8 orcs
  2 giant cockroaches
  2 goblins (D:2)
  5 kobolds (D:4)
28 creatures vanquished.

Vanquished Creatures (others)
  A hydra (Lair:4)
  A black mamba (Lair:1)
  A komodo dragon (D:8)
  A spiny frog (Lair:1)
  A basilisk (D:8)
  An orc warrior (D:9)
  A howler monkey (D:9)
  Natasha (D:3)
  A shadow imp (D:5)
  3 plants
12 creatures vanquished.

Grand Total: 271 creatures vanquished

Notes
Turn   | Place    | Note
-------+----------+-------------------------------------------
     0 | Abyss:1  | vatarom the Demonspawn Abyssal Knight began the quest for the Orb.
     0 | Abyss:1  | Reached XP level 1. HP: 18/18 MP: 2/2
    58 | Abyss:1  | Noticed an iron imp
    67 | D:1      | Escaped the Abyss
   345 | D:1      | Reached skill level 3 in Invocations
   350 | D:1      | Reached * piety under Lugonu
   350 | D:1      | Gained mutation: A weak demonic guardian rushes to your aid. [demonic ancestry]
   350 | D:1      | Reached XP level 2. HP: 14/24 MP: 2/4
   777 | D:1      | Reached XP level 3. HP: 22/29 MP: 5/5
   844 | D:1      | You fall through a shaft!
  1035 | D:2      | Noticed Robin
  1213 | D:1      | HP: 1/29 [goblin/club[Robin] (2)]
  1717 | D:2      | Killed Robin
  1717 | D:2      | Reached skill level 4 in Invocations
  1783 | D:2      | Noticed Jessica
  1795 | D:2      | Killed Jessica
  1795 | D:2      | Gained mutation: You have sharp fingernails. [demonic ancestry]
  1795 | D:2      | Reached XP level 4. HP: 27/35 MP: 7/7
  1980 | D:2      | Found a white marble altar of Elyvilon.
  2171 | D:3      | Noticed Ijyb
  2180 | D:3      | Killed Ijyb
  2324 | D:2      | Reached skill level 5 in Invocations
  2330 | D:3      | Reached XP level 5. HP: 38/41 MP: 8/8
  2350 | D:3      | Found an ancient bone altar of Kikubaaqudgha.
  2354 | D:3      | Found a snail-covered altar of Cheibriados.
  2445 | D:3      | Found a glowing silver altar of Zin.
  2449 | D:3      | Reached ** piety under Lugonu
  2451 | D:3      | Found an ornate altar of the Wu Jian Council.
  2452 | D:3      | Found a bloodstained altar of Trog.
  2543 | D:3      | Noticed Natasha
  2547 | D:3      | Killed Natasha
  2592 | D:3      | Found a radiant altar of Vehumet.
  2661 | D:3      | Reached skill level 6 in Invocations
  2703 | D:3      | Gained mutation: You regenerate a little health from kills. [demonic ancestry]
  2703 | D:3      | Reached XP level 6. HP: 28/47 MP: 10/10
  2917 | D:3      | Noticed Natasha
  2922 | D:3      | Killed Natasha
  2936 | D:3      | Found a runed door.
  3082 | D:3      | Noticed Natasha
  3093 | D:3      | Killed Natasha
  3430 | D:4      | Reached skill level 5 in Unarmed Combat
  3430 | D:4      | Reached skill level 7 in Invocations
  3446 | D:4      | Reached *** piety under Lugonu
  3517 | D:4      | Reached XP level 7. HP: 41/52 MP: 12/12
  4224 | D:5      | Entered Level 5 of the Dungeon
  4412 | D:5      | Noticed Iko's ghost (amateur FoFi)
  4455 | D:5      | Reached skill level 8 in Invocations
  4575 | D:5      | Found Fukh's Assorted Antiques.
  4754 | D:5      | Noticed Pikel
  4777 | D:5      | Killed Pikel
  4777 | D:5      | Reached XP level 8. HP: 48/61 MP: 14/14
  4847 | D:5      | Killed Iko's ghost
  4847 | D:5      | Reached skill level 5 in Fighting
  4847 | D:5      | Reached skill level 9 in Invocations
  5124 | D:6      | Found a shadowy altar of Dithmenos.
  5180 | D:6      | Found Cishumup's Assorted Antiques.
  5190 | D:6      | Noticed Eustachio
  5199 | D:6      | Killed Eustachio
  5238 | D:6      | Reached **** piety under Lugonu
  5560 | D:6      | Found a sand-covered staircase.
  5570 | Ossuary  | Entered an ossuary
  5814 | D:6      | Gained mutation: You are partially covered in icy blue scales. (AC +2) [demonic ancestry]
  5814 | D:6      | Reached XP level 9. HP: 69/69 MP: 16/16
  5951 | D:7      | Reached skill level 10 in Invocations
  6042 | D:7      | Found a staircase to the Ecumenical Temple.
  6052 | Temple   | Entered the Ecumenical Temple
  6179 | D:7      | Reached ***** piety under Lugonu
  6198 | D:7      | Found a burning altar of Makhleb.
  6248 | D:7      | Reached skill level 1 in Dodging
  6316 | D:7      | Found a basalt altar of Yredelemnul.
  6761 | D:8      | Found a sacrificial altar of Ru.
  7186 | D:8      | Noticed a komodo dragon
  7191 | D:8      | Reached skill level 11 in Invocations
  7193 | D:8      | Banished a komodo dragon
  7341 | D:8      | Found a staircase to the Lair.
  7592 | D:9      | Reached skill level 5 in Dodging
  7599 | D:9      | Gained mutation: Your magical and physical power is slightly enhanced at high health. [demonic ancestry]
  7599 | D:9      | Reached XP level 10. HP: 65/76 MP: 18/18
  7617 | D:9      | Found a shimmering altar of Xom.
  7795 | D:9      | Gained mutation: Armour fits poorly on your strangely shaped body. [potion of mutation]
  7795 | D:9      | Gained mutation: Your mind is acute. (Int +2) [potion of mutation]
  8375 | D:9      | Found a deep blue altar of Sif Muna.
  8566 | Lair:1   | Entered Level 1 of the Lair of Beasts
  8575 | Lair:1   | Noticed a black mamba
  8586 | Lair:1   | Banished a black mamba
  8778 | Lair:1   | Reached skill level 12 in Invocations
  8858 | Lair:1   | Noticed a spiny frog
  8884 | Lair:1   | Banished a spiny frog
  8884 | Lair:1   | Reached skill level 1 in Shields
  9252 | Lair:1   | Noticed Joseph
  9263 | Lair:1   | Killed Joseph
  9549 | Lair:2   | You fall through a shaft for 2 floors!
  9549 | Lair:4   | Noticed a six-headed hydra
  9660 | Lair:4   | Gained mutation: You have very sharp fingernails. [demonic ancestry]
  9660 | Lair:4   | Reached XP level 11. HP: 49/81 MP: 20/20
  9676 | Lair:4   | Noticed a six-headed hydra
  9678 | Lair:4   | Banished a six-headed hydra
  9729 | Lair:4   | Mangled by a spiny frog

Skill      XL: |  1  2  3  4  5  6  7  8  9 10 11 |
---------------+----------------------------------+-----
Unarmed Combat | 2 3 4 5 6 7 8 9 |  9.3
Invocations    | 3 4 5 6 7 8 9 11 12 | 12.6
Fighting       | 4 6 |  6.2
Dodging        | 5 7 |  7.0
Shields        | 3 4 |  4.0
Armour         | |  1.7

Action                   |  1- 3 |  4- 6 |  7- 9 | 10-12 || total
-------------------------+-------+-------+-------+-------++-------
Melee: Unarmed           |   146 |   195 |   351 |   200 ||   892
       Punch             |     1 |     2 |     7 |     6 ||    16
 Fire: Blowgun           |       |     5 |       |       ||     5
Invok: Depart the Abyss  |     1 |       |       |       ||     1
       Banish            |       |       |     2 |     4 ||     6
Evoke: Wand              |       |       |       |     5 ||     5
  Use: Scroll            |     2 |       |     3 |    14 ||    19
       Potion            |     1 |     1 |     6 |    10 ||    18
 Stab: Sleeping          |     1 |       |       |       ||     1
       Distracted        |       |     1 |     1 |     2 ||     4
  Eat: Ration            |     2 |       |     3 |     2 ||     7
       Chunk             |     1 |     1 |     3 |     1 ||     6
Armor: Leather armour    |    34 |    68 |   106 |    39 ||   247
       Skin              |       |       |       |     2 ||     2
Dodge: Dodged            |    94 |   119 |   178 |   147 ||   538
       Deflected         |       |     5 |     5 |     2 ||    12
Block: Buckler           |       |       |       |    13 ||    13
